 Dungeon Crawl Stone Soup version 0.29-a0-384-g6960b1960d (webtiles) character file.

Game seed: 3545924610110424710

1318 bwicke the Insei (level 8, -3/82 HPs)
             Began as an Octopode Transmuter on May 7, 2022.
             Was a Follower of Elyvilon.
             Slain by a vampire mosquito (5 damage)
             ... on level 4 of the Dungeon.
             The game lasted 00:35:14 (6444 turns).

bwicke the Insei (Octopode Transmuter)              Turns: 6444, Time: 00:35:16

Health: -3/82      AC: 24    Str: 15    XL:     8   Next: 59%
Magic:  9/11       EV:  2    Int: 17    God:    Elyvilon [*.....]
Gold:   299        SH:  0    Dex: 13    Spells: 3/11 levels left

rFire   + . .      SeeInvis .     - Unarmed
rCold   . . .      Faith    .   (no shield)
rNeg    . . .      Spirit   .   (helmet currently unavailable)
rPois   +          Reflect  .   l - amulet of the acrobat
rElec   .          Harm     .   r - ring of protection from fire
rCorr   .          Rampage  .   A - +6 ring of strength
Will    .....      NoTele   +   (no ring)
Stlth   +.........              (no ring)
HPRegen 0.23/turn               (no ring)
MPRegen 0.12/turn               (no ring)
                                (no ring)
                                (no ring)

@: tree-form
A: stationary, stasis, torment immunity, boosted hp, almost no armour,
(amphibious), 8 rings, (camouflage 1), (gelatinous body 1), (nimble swimmer 1),
(tentacles)
a: Renounce Religion, Purification


You were on level 4 of the Dungeon.
You worshipped Elyvilon.
Elyvilon was aware of your devotion.
You were a tree.
You visited 1 branch of the dungeon, and saw 5 of its levels.
You also visited: Sewer.

You collected 299 gold pieces.

Inventory:

Hand Weapons
 e - a +0 spear
 j - a +0 whip
 o - a +0 dagger
 q - a +0 short sword of draining
 v - a +0 flail
 x - a +0 falchion of holy wrath
 y - a +0 war axe
 z - a +0 flail of venom
 D - a +0 rapier
Missiles
 p - 159 stones
 t - 3 atropa-tipped darts
Magical Staves
 d - a staff of death
 h - a staff of air
 s - a staff of fire
Jewellery
 l - an amulet of the acrobat (around neck)
 r - a ring of protection from fire (left branch)
 A - a +6 ring of strength (right branch)
Scrolls
 b - a scroll of vulnerability {unknown}
 c - 2 scrolls of enchant armour
 f - a scroll of blinking
 g - a scroll of amnesia
 i - a scroll of teleportation {unknown}
 k - a scroll of fog {unknown}
 n - a scroll of magic mapping
 C - 2 scrolls of enchant weapon {unknown}
 E - a scroll of torment {unknown}
Potions
 a - a potion of lignification
 m - 3 potions of curing {unknown}
 u - a potion of resistance {unknown}
 w - a potion of mutation {unknown}
 B - a potion of degeneration {unknown}


   Skills:
 - Level 5.2 Fighting
 - Level 2.0 Dodging
 - Level 6.2 Unarmed Combat
 - Level 2.0 Spellcasting
 - Level 6.0 Transmutations
 + Level 0.0 Ice Magic
 - Level 3.9 Poison Magic


You had 3 spell levels left.
You knew the following spells:

 Your Spells              Type           Power      Damage    Failure   Level
a - Beastly Appendage     Tmut           44%        N/A       1%          1
b - Spider Form           Tmut/Pois      18%        N/A       8%          3
c - Passwall              Tmut/Erth      10%        N/A       9%          2
d - Wereblood             Tmut           22%        N/A       2%          2

Your spell library contained the following spells:

 Spells                   Type           Power      Damage    Failure   Level
 Sandblast                Erth           2%         2d4       19%         1
 Summon Small Mammal      Summ           4%         N/A       19%         1
 Call Canine Familiar     Summ           1%         N/A       50%         3
 Stone Arrow              Conj/Erth      2%         3d7       50%         3
 Summon Guardian Golem    Hex/Summ       1%         N/A       50%         3
 Ice Form                 Ice/Tmut       12%        N/A       50%         4


Dungeon Overview and Level Annotations

Branches:
Dungeon (5/15)              Sewer (visited)
 Temple: D:4-7

Altars:
Elyvilon
Fedhas
Ru
The Shining One

Shops:
D:1 [   D:5 *

Annotations:
D:4 1 runed translucent door, bastard's ghost, novice DjEE


Innate Abilities, Weirdness & Mutations

You are a tree.
Your roots penetrate the ground, keeping you stationary.
You cannot be teleported.
You are immune to unholy pain and torment.
Your maximum health is greatly increased.
You cannot wear most types of armour.
((You are amphibious.))
You can wear up to eight rings at the same time.
((Your skin changes colour to match your surroundings (Stealth+).))
((Your rubbery body absorbs attacks. (AC +1, EV +1)))
((You are camouflaged when in or above water. (Stealth+)))
((You have tentacles for arms and can constrict up to eight enemies at once.))


Message History

You bite the vampire mosquito!
The vampire mosquito is severely damaged.
The vampire mosquito bites you!
The vampire mosquito draws strength from your injuries!
The vampire mosquito completely misses you.
The vampire mosquito closely misses you.
You hit the vampire mosquito but do no damage.
The vampire mosquito is heavily damaged.
The vampire mosquito bites you.
The vampire mosquito draws strength from your injuries!
The vampire mosquito bites you!
* * * LOW HITPOINT WARNING * * *
The vampire mosquito draws strength from your injuries!
The vampire mosquito misses you.
Okay, then.
Really quaff the potion of lignification?
Okay, then.
Really quaff the potion of lignification?
Your transformation has ended.
You turn into a tree.
Your roots penetrate the ground.
The vampire mosquito bites you but does no damage. x2
The vampire mosquito bites you!
* * * LOW HITPOINT WARNING * * *
The vampire mosquito draws strength from your injuries!
The vampire mosquito bites you but does no damage.
You hit the vampire mosquito.
The vampire mosquito is moderately damaged.
The vampire mosquito bites you but does no damage. x2
The vampire mosquito barely misses you.
The vampire mosquito bites you but does no damage.
You smack the vampire mosquito!
The vampire mosquito is heavily damaged.
The vampire mosquito bites you but does no damage. x3
You closely miss the vampire mosquito.
The vampire mosquito is heavily damaged.
The vampire mosquito bites you!
* * * LOW HITPOINT WARNING * * *
The vampire mosquito draws strength from your injuries!
The vampire mosquito bites you.
You die...

#÷...........##
##.##.<.......#
#..####.......#
#..# #.......#
#..# #.......#
#########..#
##......#
.......##.##
#.......#
........#.#
#yy.....#
..........#
##.♣.....#
########)[#
#........# #..#
##........#
#.####.......[.#
##.##...........#
#...............#
#...............#
#...............#
#...............#


You could see 2 vampire mosquitoes.

Vanquished Creatures
  Sigmund (D:4)
  A vampire mosquito (D:5)
  An ogre (D:5)
  3 phantoms
  A necrophage (D:4)
  A scorpion (D:5)
  A bullfrog (Sewer)
  A howler monkey (D:4)
  A crimson imp (D:5)
  2 hounds (D:5)
  3 iguanas (D:5)
  2 orc wizards
  3 gnolls (D:2)
  12 adders
  2 river rats (D:5)
  A white imp (D:5)
  An ufetubus (D:4)
  5 worms
  3 dart slugs
  14 orcs
  4 bats
  13 endoplasms
  6 giant cockroaches
  2 goblins (D:3)
  4 hobgoblins
  3 jackals (D:2)
  4 kobolds
  9 quokkas
  12 ball pythons
  9 frilled lizards
  4 rats
129 creatures vanquished.

Vanquished Creatures (others)
  2 withered plants (D:4)
2 creatures vanquished.

Grand Total: 131 creatures vanquished

Notes
Turn   | Place    | Note
-------+----------+-------------------------------------------
     0 | D:1      | bwicke the Octopode Transmuter began the quest for the Orb.
     0 | D:1      | Reached XP level 1. HP: 13/13 MP: 3/3
    97 | D:1      | Found Qualaekh's Antique Armour Emporium.
   189 | D:1      | Reached XP level 2. HP: 16/18 MP: 3/5
   415 | D:1      | You fall into a shaft and drop 1 floor!
   824 | D:2      | Reached XP level 3. HP: 23/23 MP: 4/6
  1127 | D:2      | Reached XP level 4. HP: 28/28 MP: 5/7
  2172 | D:3      | Learned a level 3 spell: Spider Form
  2564 | D:4      | Reached skill level 1 in Poison Magic
  2625 | D:4      | Reached XP level 5. HP: 33/33 MP: 6/8
  2676 | D:4      | Found a glowing golden altar of the Shining One.
  2684 | D:4      | Found a sacrificial altar of Ru.
  2973 | D:4      | Noticed a phantom
  2990 | D:4      | Killed a phantom
  3007 | D:4      | Learned a level 2 spell: Passwall
  3252 | D:4      | Noticed Sigmund
  3255 | D:4      | Noticed a phantom
  3272 | D:4      | Killed Sigmund
  3273 | D:4      | Reached skill level 5 in Transmutations
  3273 | D:4      | Reached XP level 6. HP: 38/38 MP: 6/9
  3291 | D:4      | Reached XP level 7. HP: 20/43 MP: 7/10
  3458 | D:4      | Learned a level 2 spell: Wereblood
  3656 | D:4      | Found a runed translucent door.
  3656 | D:4      | Noticed bastard's ghost (novice DjEE)
  3867 | D:4      | Found a white marble altar of Elyvilon.
  3875 | D:4      | Became a worshipper of Elyvilon the Healer
  4230 | D:5      | Entered Level 5 of the Dungeon
  4410 | D:5      | Found a blossoming altar of Fedhas.
  4563 | D:5      | Found Otauhurazo's Elemental Accessories.
  4625 | D:5      | Reached XP level 8. HP: 41/54 MP: 6/11
  4661 | D:5      | Reached skill level 5 in Fighting
  4673 | D:5      | Found a glowing drain.
  4679 | Sewer    | Entered a sewer
  4950 | Sewer    | Reached * piety under Elyvilon
  5733 | D:5      | Reached skill level 5 in Unarmed Combat
  6071 | D:4      | HP: 1/55 [vampire mosquito (4)]
  6444 | D:4      | HP: 2/82 [vampire mosquito (7)]
  6444 | D:4      | Slain by a vampire mosquito

Illustrated notes

Levels and vault maps discovered:
D:1:      matt_arrival_refuge, layout_basic, serial_shops, shop,
          shapermc_ecumenical_altar_totnotflames, minmay_misc_feat_enclosed
D:2:      layout_basic, st_stairs_13, minmay_shallow_snake_nest
D:3:      minmay_inner_zag, layout_basic
D:4:      layout_cave_pods, mainiacjoe_overflow_big_doors, marbit_many_paths,
          gammafunk_ghost_grave, uniq_sigmund
D:5:      layout_rooms, fedhas_altar_2, lightli_sewer_entry_pipes,
          nicolae_elemental_shop, minmay_hedge_maze, minmay_fire_ice_demons

Skill      XL: |  1  2  3  4  5  6  7  8 |
---------------+-------------------------+-----
Transmutations | 3 4 5 6 |  6.0
Unarmed Combat | 4 6 |  6.2
Poison Magic   | 1 3 |  3.9
Fighting       | 4 5 |  5.2
Dodging        | |  2.0
Spellcasting   | |  2.0

Action                   |  1- 3 |  4- 6 |  7- 9 || total
-------------------------+-------+-------+-------++-------
Melee: Unarmed           |    50 |   100 |   212 ||   362
       Constrict         |    15 |    13 |    22 ||    50
       Kick              |    15 |    17 |    29 ||    61
       Tentacles         |     8 |    17 |    17 ||    42
       Punch             |     1 |     2 |     7 ||    10
       Falchion          |       |       |     9 ||     9
Throw: Stone             |       |     4 |       ||     4
       Dart              |       |     1 |       ||     1
 Cast: Beastly Appendage |    17 |    18 |    12 ||    47
       Spider Form       |       |     1 |    19 ||    20
       Wereblood         |       |       |     1 ||     1
 Abil: End Transformatio |       |       |     1 ||     1
  Use: Scroll            |     3 |     1 |     3 ||     7
       Potion            |       |     1 |     2 ||     3
 Stab: Sleeping          |     4 |     3 |     5 ||    12
Armor: Skin              |     4 |     5 |    20 ||    29
Dodge: Dodged            |    26 |    40 |   171 ||   237

Table legend: (Time is in decaauts)
 A = Elapsed time spent in this place.
 B = Non-inter-level travel time spent in this place.
 C = Inter-level travel time spent in this place.
 D = Time resting spent in this place.
 E = Time spent auto-exploring this place.
 F = Levels seen in this place.
 G = Mean time per level.
                   A        B        C        D        E       F      G
               +--------+--------+--------+--------+--------+-----+--------+
         Total |   6454 |   6317 |    137 |   1189 |   3417 |   6 | 1075.7 |
       Dungeon |   5673 |   5536 |    137 |    742 |   3417 |   5 | 1134.6 |
         Sewer |    780 |    780 |      0 |    447 |      0 |   1 |  780.0 |
               +--------+--------+--------+--------+--------+-----+--------+

Top non-repeatable levels by time:
     D:4: 1736 daAuts
     D:3: 1261 daAuts
     D:2: 1180 daAuts
     D:5: 1081 daAuts
   Sewer: 780 daAuts
     D:1: 414 daAuts
